Map: Ephemeron LE

Players

Cham - Winner!

  • Race: Zerg Zerg
  • Spawn Location: 11:00

Bioice

  • Race: Zerg Zerg
  • Spawn Location: 5:00

VOD

Have the link to the VOD?

Description

Time

  • Played on: Sept. 6, 2019, 1:21 p.m.
  • Length: 9:07
Show
View Real Time Build Order
Export as new Build Order

Cham Zerg - Winner!

Build Orders: Hatch First 

Get SALT Encoding   

  12  0:01  Drone  
  13  0:08  Drone  
  14  0:16  Overlord  
  14  0:34  Drone  
  14  0:35  Drone  
  16  0:48  Hatchery  
  15  0:53  Drone  
  15  0:56  Drone  
  17  1:00  Drone  
  18  1:10  Extractor  
  17  1:14  Spawning Pool  
  17  1:17  Drone  
  17  1:21  Drone  
  18  1:30  Drone  
  19  1:42  Drone  
  20  1:51  Drone  
  21  2:00  Drone  
  21  2:01  Queen x2  
  22  2:02  Overlord  
  26  2:12  Drone x2  
  28  2:23  Drone x2  
  28  2:29  Metabolic Boost  
  30  2:34  Zergling x4  
  32  2:39  Hatchery  
  31  2:47  Baneling Nest  
  31  2:48  Drone  
  31  2:52  Drone  
  31  2:55  Overlord  
  31  2:57  Drone  
  32  3:05  Zergling x2  
  32  3:10  Zergling x2  
  34  3:18  Zergling x2, Drone x2  
  34  3:19  Drone x2  
  39  3:20  Overlord  
  39  3:25  Overlord  
  39  3:26  Zergling x2  
  39  3:30  Baneling x2  
  39  3:31  Baneling x2  
  39  3:33  Zergling x2  
  40  3:35  Zergling x2  
  41  3:43  Queen, Spine Crawler  
  41  3:46  Zergling x2  
  45  3:54  Baneling  
  36  4:05  Zergling x6  
  36  4:06  Zergling x2  
  36  4:14  Drone x3  
  36  4:15  Drone x2  
  39  4:21  Overlord  
  39  4:22  Lair  
  39  4:26  Drone  
  39  4:29  Drone  
  41  4:33  Queen  
  43  4:39  Zergling x2, Drone  
  43  4:44  Extractor x2  
  43  4:45  Extractor  
  42  4:49  Drone  
  43  4:53  Drone x4  
  43  4:58  Drone  
  43  4:59  Drone  
  50  5:00  Drone  
  45  5:09  Drone x2  
  44  5:15  Drone x2  
  44  5:19  Hatchery  
  45  5:30  Spire  
  45  5:31  Drone  
  45  5:32  Drone x2  
  45  5:34  Drone  
  48  5:36  Drone  
  48  5:39  Drone  
  50  5:46  Overlord  
  50  5:47  Drone  
  50  5:48  Drone  
  52  5:50  Drone  
  52  5:53  Drone  
  54  5:59  Zergling x4  
  54  6:00  Baneling x2  
  54  6:02  Zergling x2  
  54  6:03  Zergling x2  
  58  6:07  Zergling x2  
  58  6:08  Zergling x2  
  60  6:16  Zergling x2  
  60  6:17  Overlord  
  61  6:20  Drone x2  
  61  6:24  Drone x2  
  65  6:29  Drone x2  
  65  6:30  Drone  
  65  6:32  Overlord  
  68  6:46  Mutalisk x5  
  70  6:50  Mutalisk  
  70  6:52  Mutalisk  
  77  6:56  Mutalisk  
  79  7:03  Mutalisk  
  79  7:05  Zergling x6  
  82  7:11  Zergling x8  
  86  7:16  Spine Crawler  
  86  7:18  Spine Crawler  
  86  7:22  Mutalisk  
  86  7:23  Mutalisk  
  85  7:33  Mutalisk  
  83  7:39  Zergling x8  
  83  7:42  Mutalisk  
  84  7:45  Zergling x2  
  84  7:49  Zergling x4  
  84  7:51  Zergling x2  
  83  7:53  Zergling x2  
  83  7:58  Mutalisk  
  84  8:00  Mutalisk  
  86  8:06  Hatchery  
  86  8:07  Mutalisk  
  87  8:13  Zergling x2  
  87  8:14  Zergling x6  
  87  8:19  Overlord  
  91  8:25  Overlord  
  91  8:32  Overlord x2  
  91  8:42  Mutalisk x3  
  91  8:44  Zergling x6  
Show
View Real Time Build Order
Export as new Build Order

Bioice Zerg 

Build Orders: Hatch First, Zergling Baneling 

Get SALT Encoding   

  12  0:01  Drone  
  13  0:12  Overlord  
  13  0:17  Drone  
  14  0:30  Drone x2  
  16  0:48  Hatchery  
  15  0:51  Drone  
  15  0:55  Drone  
  17  0:58  Drone  
  18  1:05  Extractor  
  17  1:14  Spawning Pool  
  17  1:17  Drone  
  17  1:21  Drone  
  18  1:27  Drone  
  19  1:39  Drone  
  20  1:54  Overlord  
  20  2:01  Queen x2  
  20  2:03  Zergling x4  
  26  2:13  Metabolic Boost  
  26  2:16  Drone x2  
  28  2:29  Drone x2  
  30  2:38  Hatchery  
  30  2:41  Drone  
  30  2:50  Baneling Nest  
  29  2:53  Zergling x4  
  29  2:55  Overlord  
  29  2:57  Zergling x2  
  32  3:00  Zergling x2  
  33  3:06  Zergling x4  
  35  3:14  Zergling x6  
  35  3:15  Zergling x2  
  35  3:18  Zergling x2  
  39  3:23  Overlord  
  39  3:29  Overlord  
  39  3:31  Drone  
  39  3:34  Baneling x4  
  40  3:40  Drone x2  
  42  3:49  Zergling x4, Baneling  
  39  3:55  Drone  
  39  3:56  Drone x2  
  39  4:01  Drone x2  
  38  4:07  Zergling x8  
  41  4:12  Baneling x2  
  41  4:13  Zergling x4  
  43  4:19  Roach Warren  
  43  4:21  Zergling x2  
  43  4:26  Baneling  
  43  4:27  Queen  
  43  4:29  Zergling x2  
  45  4:32  Baneling  
  45  4:36  Zergling x6  
  48  4:44  Baneling  
  48  4:53  Overlord  
  48  4:54  Overlord, Drone  
  48  4:59  Drone x4  
  53  5:00  Drone  
  53  5:04  Overlord  
  53  5:07  Drone x3  
  53  5:08  Drone  
  53  5:14  Overlord  
  53  5:17  Drone x2, Extractor  
  53  5:18  Extractor  
  53  5:21  Zergling x4  
  56  5:28  Zergling x6  
  56  5:29  Zergling x4  
  60  5:40  Overlord  
  60  5:42  Drone x3  
  63  5:43  Overlord  
  63  5:44  Overlord  
  63  5:49  Roach x2  
  67  5:56  Overlord x2  
  67  6:04  Roach x3  
  67  6:06  Overlord  
  73  6:12  Roach  
  73  6:13  Roach x2  
  79  6:23  Roach x4  
  85  6:28  Roach x2  
  89  6:34  Roach x3  
  95  6:45  Roach  
  95  6:46  Roach x4  
  102  6:49  Roach  
  104  6:56  Roach x3  
  108  7:04  Zergling x4, Roach x2  
  111  7:09  Roach  
  111  7:10  Roach  
  111  7:14  Overlord  
  115  7:18  Roach x2  
  115  7:20  Zergling x2  
  115  7:21  Zergling x2  
  113  7:30  Queen x2  
  101  7:37  Drone  
  101  7:38  Drone x4  
  101  7:41  Drone  
  101  7:42  Drone  
  78  7:58  Drone x4  
  78  7:59  Drone x5  
  78  8:02  Queen  
  78  8:05  Spore Crawler  
  77  8:08  Spore Crawler  
  76  8:16  Evolution Chamber  
  76  8:17  Zergling x2  
  76  8:19  Spore Crawler  
  75  8:22  Roach x2  
  75  8:28  Queen  
  75  8:32  Zergling x2  
  75  8:33  Zergling x2  
  79  8:40  Roach x2  
Tags
 
Add a new tag
Caveats
  • Supply blocks, unpowered buildings, or Contaminate may cause inaccurate times.
  • Supply counts are checked every 10 seconds.